 Dungeon Crawl Stone Soup version 0.30-a0-636-g200c5c4a83 (webtiles) character file.

Game seed: 15707579035761363627

139 qJeffTheKiller the Chopper (level 5, -1/40 HPs)
             Began as a Hill Orc Reaver on Jan 15, 2023.
             Killed from afar by an orc wizard (3 damage)
             ... with a puff of flame
             ... on level 3 of the Dungeon.
             The game lasted 00:28:27 (2440 turns).

qJeffTheKiller the Chopper (Hill Orc Reaver)        Turns: 2440, Time: 00:28:27

Health: -1/40      AC:  6    Str: 17    XL:     5   Next: 22%
Magic:  7/7        EV: 11    Int: 13    God:
Gold:   166        SH:  0    Dex: 15    Spells: 6/7 levels left

rFire   . . .      SeeInvis .    a - +1 hand axe
rCold   . . .      Faith    .    k - orb {*channel}
rNeg    . . .      Spirit   .    i - +0 ring mail
rPois   +          Reflect  .    (no helmet)
rElec   .          Harm     .    (no cloak)
rCorr   .          Rampage  .    g - +0 pair of gloves
Will    .....                    (no boots)
Stlth   +                        (no amulet)
HPRegen 0.26/turn                c - +6 ring of dexterity
MPRegen 0.10/turn                (no ring)

@: no status effects
A: frail 1, poison resistance
a: Convert to Beogh


You were on level 3 of the Dungeon.
You visited 1 branch of the dungeon, and saw 3 of its levels.

You collected 166 gold pieces.

Inventory:

Hand Weapons
 a - a +1 hand axe (weapon)
 b - a +0 sling
Missiles
 e - 33 stones (quivered)
Armour
 g - a +0 pair of gloves (worn)
 i - a +0 ring mail (worn)
 k - an orb of energy (worn)
Jewellery
 c - a +6 ring of dexterity (left hand)
Scrolls
 f - 4 scrolls of vulnerability
 m - a scroll of poison
Potions
 h - a potion of curing
 l - a potion of brilliance
 n - 3 potions of degeneration


   Skills:
 + Level 3.2 Fighting
 + Level 5.9 Axes
 + Level 2.2 Armour
 + Level 2.0 Dodging
 + Level 0.5 Stealth
 + Level 1.5 Spellcasting
 + Level 3.1 Conjurations


You had 6 spell levels left.
You knew the following spells:

 Your Spells              Type           Power      Damage    Failure   Level
a - Kiss of Death         Conj/Necr      20%        2d7       26%         1

Your spell library contained the following spells:

 Spells                   Type           Power      Damage    Failure   Level
 Momentum Strike          Conj/Tloc      10%        3d8       36%         2
 Beastly Appendage        Tmut           2%         N/A       43%         1
 Hailstorm                Conj/Ice       5%         3d4       58%         3
 Ignite Poison            Fire/Tmut/Pois 1%         N/A       82%         3
 Yara's Violent Unravell  Hex/Tmut       0%         3d3       100%        5


Dungeon Overview and Level Annotations

Branches:
Dungeon (3/15)

Altars:


Innate Abilities, Weirdness & Mutations

You are frail. (-10% HP)
Your system is resistant to poisons. (rPois)


Message History

You feel less confused.
The orc priest invokes the aid of Beogh against you.
Something writhes in agony.
You hit the orc but do no damage. You closely miss something.
You hear some strange, mumbled words.
A magic dart appears from out of thin air!
The magic dart hits you but does no damage.
The orc closely misses you.
You hit something. You hit the orc. Something hits you but does no damage.
The orc barely misses you.
You miss something. You hit the orc.
The orc priest shouts, "Join the one true god or die!"
Something hits you. The orc hits you with a +0 dagger.
You hit something. You closely miss the orc. Something hits you.
The orc hits you but does no damage.
You slash the orc!
You kill the orc!
You miss something. Something hits you.
* * * LOW HITPOINT WARNING * * *
You barely miss the orc priest. You hit something.
You hear some strange, mumbled words.
A magic dart appears from out of thin air!
The magic dart hits you.
* * * LOW HITPOINT WARNING * * *
The orc priest hits you with a +0 flail.
* * * LOW HITPOINT WARNING * * *
The orc priest attacks as you move away!
The orc priest hits you with a +0 flail.
* * * LOW HITPOINT WARNING * * *
Something hits you but does no damage.
There are monsters nearby!
There are monsters nearby!
There are monsters nearby!
Something hits you but does no damage.
There are monsters nearby!
There are monsters nearby!
You hear some strange, mumbled words.
A puff of flame appears from out of thin air!
The puff of flame hits you.
You die...

...........##.#
..#
.....###'####.#
.... ....
#......# ....
...
###..#####!...
..
#.....†.......
. #.####†#.....
#. #.#.####
#.####...#
#.@.{o>###
##.)##o#
#..##.# #.).)o#
#'##### #...
#...# #...#
#...#


You could see an orc priest and an orc.

Vanquished Creatures
  2 orc priests (D:3)
  3 adders (D:2)
  A worm (D:2)
  3 orcs (D:3)
  7 endoplasms
  A giant cockroach (D:1)
  5 goblins
  2 hobgoblins
  3 quokkas
  3 ball pythons
  5 bats
  2 frilled lizards
  5 kobolds
  7 rats
49 creatures vanquished.

Vanquished Creatures (others)
  A fungus (D:1)
  4 plants (D:1)
5 creatures vanquished.

Grand Total: 54 creatures vanquished

Notes
Turn   | Place    | Note
-------+----------+-------------------------------------------
     0 | D:1      | qJeffTheKiller the Hill Orc Reaver began the quest for the
                  | Orb.
     0 | D:1      | Reached XP level 1. HP: 18/18 MP: 3/3
   350 | D:1      | Reached XP level 2. HP: 25/25 MP: 4/4
  1152 | D:1      | Got Xacvip's Compendium of Transmutation
  1321 | D:1      | Found a faded altar of an unknown god.
  1438 | D:2      | Reached XP level 3. HP: 22/30 MP: 5/5
  1494 | D:2      | Reached skill level 5 in Axes
  1596 | D:2      | Reached skill level 1 in Armour
  1605 | D:2      | Reached XP level 4. HP: 15/38 MP: 6/6
  2156 | D:2      | Gained mutation: You are frail. (-10% HP) [potion of
                  | mutation]
  2156 | D:2      | Gained mutation: Your system is resistant to poisons.
                  | (rPois) [potion of mutation]
  2318 | D:3      | Reached XP level 5. HP: 31/40 MP: 7/7
  2435 | D:3      | HP: 2/40 [orc priest/+0 flail (5)]
  2440 | D:3      | Killed from afar by an orc wizard

Illustrated notes

Levels and vault maps discovered:
D:1:      tarquinn_simple_flora_water_d, layout_basic,
          hellmonk_ecumenical_altar_zigzags
D:2:      layout_basic
D:3:      layout_basic, patterned_corridor, uniq_robin

Skill      XL: |  1  2  3  4 |
---------------+-------------+-----
Axes           | 5 |  5.9
Fighting       | 3 |  3.2
Armour         | 1 2 |  2.2
Dodging        | 2 |  2.0
Stealth        | |  0.5
Spellcasting   | |  1.5
Conjurations   | |  3.1

Action                   |  1- 3 |  4- 6 || total
-------------------------+-------+-------++-------
Melee: Hand axe          |   129 |    45 ||   174
       Punch             |     3 |     1 ||     4
 Fire: Sling             |       |     4 ||     4
  Use: Scroll            |     2 |     5 ||     7
       Potion            |     2 |     2 ||     4
Armor: Leather armour    |     8 |       ||     8
       Ring mail         |    27 |    24 ||    51
Dodge: Dodged            |    84 |    27 ||   111

Table legend: (Time is in decaauts)
 A = Elapsed time spent in this place.
 B = Non-inter-level travel time spent in this place.
 C = Inter-level travel time spent in this place.
 D = Time resting spent in this place.
 E = Time spent auto-exploring this place.
 F = Levels seen in this place.
 G = Mean time per level.
                   A        B        C        D        E       F      G
               +--------+--------+--------+--------+--------+-----+--------+
         Total |   2446 |    854 |   1592 |    263 |      0 |   3 |  815.3 |
       Dungeon |   2446 |    854 |   1592 |    263 |      0 |   3 |  815.3 |
               +--------+--------+--------+--------+--------+-----+--------+

Top non-repeatable levels by time:
     D:1: 1395 daAuts
     D:2: 874 daAuts
     D:3: 177 daAuts
